 Dungeon Crawl Stone Soup version 0.13-a0-2688-gfd9909a (webtiles) character file.

237 JacquesDerrida the Bolt Thrower (level 4, -6/26 HPs)
             Began as a Tengu Hunter on Aug 14, 2013.
             Was an Initiate of Kikubaaqudgha.
             Killed from afar by an orc wizard (11 damage)
             ... with a puff of flame
             ... on Level 3 of the Dungeon.
             The game lasted 00:05:51 (2788 turns).

JacquesDerrida the Bolt Thrower (Tengu Hunter)      Turns: 2788, Time: 00:05:51

HP  -6/26        AC  4     Str 14      XL: 4   Next:  1%
MP   4/4         EV 14     Int 11      God: Kikubaaqudgha [......]
Gold 179         SH  0     Dex 14      Spells:  0 memorised,  3 levels left

Res.Fire  : . . .   See Invis. : .   b - +1 crossbow
Res.Cold  : . . .   Warding    : +   d - +0 leather armour
Life Prot.: + . .   Conserve   : .   (no shield)
Res.Poison: .       Res.Corr.  : .   (helmet restricted)
Res.Elec. : .       Clarity    : .   (no cloak)
Sust.Abil.: . .     Spirit.Shd : .   m - +0 pair of gloves
Res.Mut.  : .       Stasis     : .   (boots unavailable)
Res.Rott. : .       Flight     : .   w - amulet of warding {unknown}
Saprovore : . . .                    u - ring of wizardry
                                     g - +3 ring of evasion

@: slightly resistant to hostile enchantments, unstealthy
A: beak, talons 3
a: Renounce Religion


You were on level 3 of the Dungeon.
You worshipped Kikubaaqudgha.
Kikubaaqudgha was pleased with you.
You were not hungry.

You visited 1 branch of the dungeon, and saw 3 of its levels.

You collected 159 gold pieces.

Inventory:

Hand weapons
 a - a +0,+0 short sword
 b - a +1,+1 crossbow (weapon)
Missiles
 c - 12 bolts (quivered)
Armour
 d - a +0 leather armour (worn)
 m - a +0 pair of gloves (worn)
Comestibles
 f - 2 bread rations
 i - a meat ration
 k - 15 sultanas
 r - a chunk of rat flesh
 s - a chunk of hobgoblin flesh
Scrolls
 h - a scroll of remove curse {unknown}
 j - 2 scrolls of identify {unknown}
 l - a scroll of noise {unknown}
 n - a scroll of blinking {unknown}
 o - a scroll of teleportation {unknown}
 p - a scroll of magic mapping {unknown}
 q - a scroll of curse weapon {unknown}
Jewellery
 g - a +3 ring of evasion (left hand)
 u - a ring of wizardry (right hand)
 w - an amulet of warding (around neck) {unknown}
Potions
 e - 2 potions of heal wounds {unknown}
 t - a potion of invisibility {unknown}
 v - a potion of speed {unknown}


   Skills:
 - Level 1.0 Fighting
 + Level 6.0 Crossbows
 - Level 2.1 Dodging
 - Level 1.0 Stealth


You had 3 spell levels left.
You didn't know any spells.

Dungeon Overview and Level Annotations

Branches:
Dungeon (3/27)

Altars:
Kikubaaqudgha
Trog
Yredelemnul


Innate Abilities, Weirdness & Mutations

You have a beak for a mouth.
You have claws for feet.


Message History

Aim: an orc wizard, wielding an orcish dagger and wearing an orcish robe (lightly wounded)
You shoot a bolt. The bolt hits the orc wizard.
The orc wizard is lightly wounded.
The orc wizard gestures at you while chanting.
The magic dart hits you!
The orc wizard mumbles some strange words.
The orc wizard seems to speed up.
The orc wizard misses you.
Unknown command.
Firing (i - inventory):
c - 13 bolts (quivered)
Press: ? - help, Shift-Dir - straight line, f/p - orc wizard
Aim: an orc wizard, wielding an orcish dagger and wearing an orcish robe (lightly wounded)
You shoot a bolt. The bolt hits the orc wizard.
The orc wizard is severely wounded.
The orc wizard points at you and mumbles some strange words.
The magic dart hits you!
* * * LOW HITPOINT WARNING * * *
The orc wizard gestures at you while chanting.
The puff of flame hits you!
You die...
Kikubaaqudgha rasps: "You have failed me!
Welcome... death!"

######..# #........####.>####
........# #........# .# ........#
#........# # ######..# #......>.#
. #..# #...o(o..# #..# #..#
#........# #..# #^)# #...)(...#
#..# #..# #..<.....# #..#
######..#######.@o.....####..####
.................................
.................................
#####..####..#####..######..#####
#..# #..# #..# #).# #..# #..#
#..# #..# #..####..#####..# #..#
#...............# #..#
#####...............######..#####


You could see 2 orc wizards and an orc.

Vanquished Creatures
  A worm (D:2)
  A giant gecko (D:3)
  2 orcs (D:3)
  9 goblins
  7 hobgoblins
  6 kobolds
  A ball python (D:1)
  3 bats
  2 giant cockroaches (D:3)
  7 giant newts
  2 quokkas
  11 rats
52 creatures vanquished.

Notes
Turn   | Place    | Note
--------------------------------------------------------------
     0 | D:1      | JacquesDerrida, the Tengu Hunter, began the quest for the Orb.
     0 | D:1      | Reached XP level 1. HP: 12/12 MP: 0/0
   253 | D:1      | Reached XP level 2. HP: 12/17 MP: 2/2
   498 | D:1      | Reached skill level 5 in Crossbows
  1264 | D:2      | Reached XP level 3. HP: 7/21 MP: 3/3
  1429 | D:2      | Found a bloodstained altar of Trog.
  1681 | D:2      | Found an ancient bone altar of Kikubaaqudgha.
  1993 | D:2      | Became a worshipper of Kikubaaqudgha
  2459 | D:3      | Found a basalt altar of Yredelemnul.
  2786 | D:3      | Reached skill level 6 in Crossbows
  2786 | D:3      | Reached XP level 4. HP: 14/26 MP: 4/4
  2788 | D:3      | Killed from afar by an orc wizard

Action                   |  1- 3 |  4- 6 || total
-------------------------+-------+-------++-------
Melee: Short sword       |   123 |       ||   123
 Fire: Crossbow          |    10 |     2 ||    12
 Stab: Sleeping          |     2 |       ||     2
